Map: Mécanisation EC

Players

Sorandom

  • Race: Zerg Zerg
  • League: Diamond
  • Spawn Location: 3:00

IA (très facile) - Winner!

  • Race: Zerg Zerg
  • Spawn Location: 9:00

VOD

Have the link to the VOD?

Description

Time

  • Played on: April 3, 2019, 5:53 p.m.
  • Length: 8:13
Show
View Real Time Build Order
Export as new Build Order

Sorandom Zerg 

Build Orders: Hatch First 

Get SALT Encoding   

  12  0:02  Drone  
  13  0:12  Overlord  
  13  0:22  Drone  
  14  0:31  Drone x2  
  16  0:36  Drone  
  17  0:56  Hatchery  
  16  0:59  Drone  
  16  1:01  Drone  
  18  1:05  Extractor  
  18  1:07  Drone  
  18  1:25  Spawning Pool  
  17  1:30  Drone x2  
  19  1:39  Overlord  
  19  1:49  Drone  
  20  2:12  Queen  
  20  2:13  Queen  
  20  2:14  Zergling x2  
  20  2:15  Metabolic Boost  
  25  2:23  Drone x3  
  25  2:25  Drone  
  29  2:32  Drone  
  30  2:40  Overlord  
  30  2:42  Drone  
  31  2:45  Drone  
  32  2:53  Drone  
  33  2:59  Drone  
  33  3:02  Drone  
  35  3:05  Drone  
  37  3:12  Drone  
  37  3:17  Drone  
  38  3:22  Drone x2  
  38  3:24  Drone  
  41  3:36  Drone  
  41  3:38  Hatchery  
  41  3:50  Extractor  
  41  3:52  Extractor, Drone  
  41  3:53  Drone  
  41  3:54  Drone  
  41  3:55  Roach Warren, Drone x2  
  43  3:56  Overlord x3  
  43  3:57  Overlord  
  43  4:07  Zergling x2  
  44  4:14  Queen  
  44  4:15  Drone x3  
  50  4:17  Drone  
  50  4:23  Zergling x2  
  51  4:39  Roach x3  
  51  4:45  Lair  
  57  4:58  Evolution Chamber  
  56  5:01  Evolution Chamber  
  55  5:25  Zerg Missile Weapons Level 1  
  55  5:48  Extractor, Drone x2  
  55  5:49  Drone  
  57  5:52  Drone  
  57  5:54  Extractor  
  57  5:55  Drone  
  58  5:57  Drone x3  
  58  5:58  Extractor, Drone  
  58  5:59  Drone x2  
  58  6:01  Overlord x2  
  58  6:02  Roach  
  58  6:03  Roach x7  
  79  6:07  Lair x2  
  79  6:11  Zerg Ground Armor Level 1  
  79  6:12  Glial Reconstitution  
  79  6:20  Roach x5  
  79  6:21  Roach  
  79  6:22  Roach  
  93  6:27  Roach  
  93  6:31  Overlord  
  95  6:37  Roach  
  95  6:39  Overlord x7  
  97  6:56  Roach  
  97  6:57  Roach x4  
  107  7:06  Roach x4  
  107  7:07  Roach  
  117  7:11  Roach  
  117  7:14  Roach  
  121  7:29  Roach x5  
  131  7:30  Roach  
  133  7:43  Roach x4  
  141  7:46  Roach  
  141  7:51  Roach x2  
Show
View Real Time Build Order
Export as new Build Order

IA (très facile) Zerg - Winner!

Build Orders: Pool First 

Get SALT Encoding   

  12  0:01  Drone  
  13  0:12  Overlord  
  13  0:18  Drone  
  14  0:37  Spawning Pool  
  14  0:39  Extractor  
  14  0:41  Drone  
  13  0:48  Drone  
  14  0:54  Overlord  
  14  1:24  Zergling x2  
  15  1:26  Queen  
  17  1:36  Roach Warren  
  17  1:38  Extractor  
  15  1:40  Drone  
  15  1:42  Zergling x2  
  17  1:48  Drone  
  18  2:01  Zergling x2  
  19  2:02  Drone  
  20  2:12  Drone  
  21  2:23  Drone  
  22  2:33  Drone  
  22  2:36  Overlord  
  23  2:40  Drone  
  24  2:47  Drone  
  25  5:48  Roach  
  25  5:49  Lair, Overlord, Drone  
  28  5:56  Drone  
  29  6:03  Drone  
  30  6:10  Drone  
  31  6:18  Drone  
  32  6:25  Drone  
  32  6:28  Roach  
  32  6:46  Overseer x2  
  32  7:08  Roach  
  34  7:26  Hatchery  
Tags
 
League
Diamond
Matchup
ZvZ
Race
Zerg
Replay Pack
Pack 2
Spawn Locations
Cross Positions
Add a new tag
Caveats
  • Supply blocks, unpowered buildings, or Contaminate may cause inaccurate times.
  • Supply counts are checked every 10 seconds.